 Dungeon Crawl Stone Soup version 0.19-a0-853-g1231838 (webtiles) character file.

44849 Ryco the Unseen (level 13, 0/68 HPs)
             Began as a Spriggan Enchanter on July 1, 2016.
             Was a Believer of Ashenzari.
             Slain by a wolf spider (10 damage)
             ... on level 4 of the Spider Nest.
             The game lasted 01:44:50 (12725 turns).

Ryco the Unseen (Spriggan Enchanter)               Turns: 12725, Time: 01:44:51

Health: 0/68       AC:  1    Str:  9    XL:     13   Next: 98%
Magic:  17/30      EV: 32    Int: 19    God:    Ashenzari [**....]
Gold:   473        SH:  0    Dex: 19    Spells: 8 memorised, 3 levels left

rFire  . . .     SeeInvis +     b - +0 rapier (venom) (curse)
rCold  . . .     Gourm    .     s - +2 robe {Archmagi}
rNeg   . . .     Faith    .     (shield restricted)
rPois  +         Spirit   .     V - +2 hat (curse)
rElec  .         Dismiss  .     T - +2 cloak {+Inv} (curse)
rCorr  .         Reflect  .     (gloves unavailable)
SustAt .         Harm     .     (boots unavailable)
MR     ++...                    C - amulet of regeneration (curse)
Stlth  ++++++++..               Q - ring of poison resistance
                                K - ring of wizardry (curse)

@: mighty, corroded, very slightly contaminated, invisible, very quick, very
resistant to hostile enchantments, extraordinarily stealthy
A: unfitting armour, see invisible, herbivore 3, speed 3, slow metabolism 2
a: Curse Item, Scrying, Renounce Religion


You were on level 4 of the Spider Nest.
You worshipped Ashenzari.
Ashenzari was pleased with you.
You were not hungry.

You visited 4 branches of the dungeon, and saw 21 of its levels.
You visited the Abyss 1 time.

You collected 863 gold pieces.
You spent 390 gold pieces at shops.

Inventory:

Hand Weapons
 a - a +1 dagger
 b - a cursed +0 rapier of venom (weapon)
 f - a +0 blowgun
Missiles
 y - 5 throwing nets (quivered)
 R - 7 curare-tipped needles
Armour
 s - a +2 robe of the Archmagi (worn)
 L - a +2 robe of magic resistance
 T - a cursed +2 cloak of invisibility (worn)
 V - a cursed +2 hat (worn)
Jewellery
 k - an uncursed ring of sustain attributes
 C - a cursed amulet of regeneration (around neck)
 D - an uncursed ring of flight
 I - the ring "Faichun" {+Blink Int+2 Dex+2}
   (You found it on level 3 of the Lair of Beasts)

   [ring of dexterity]

   It affects your intelligence (+2).
   It affects your dexterity (+2).
   It lets you blink.
 K - a cursed ring of wizardry (left hand)
 Q - a ring of poison resistance (right hand)
Wands
 i - a wand of iceblast (7/15)
 m - a wand of digging (7/24)
 v - a wand of enslavement (11/24)
 E - a wand of enslavement (11/24)
 H - a wand of lightning (8/15)
 O - a wand of acid (4/15)
 U - a wand of hasting (5/9)
 Z - a wand of iceblast (8/15)
Scrolls
 e - 5 scrolls of enchant weapon
 h - 2 scrolls of recharging
 l - 4 scrolls of remove curse
 n - 5 scrolls of fog
 w - 2 scrolls of amnesia
 B - 3 scrolls of noise
 F - 3 scrolls of teleportation
 J - a scroll of magic mapping
 N - 6 scrolls of blinking
Potions
 c - a potion of brilliance
 o - a potion of ambrosia
 p - 2 potions of agility
 r - 6 potions of heal wounds
 t - 3 potions of lignification
 u - 5 potions of curing
 x - 4 potions of might
 z - a potion of mutation
 A - 2 potions of resistance {unknown}
 M - 2 potions of cancellation {unknown}
 P - 5 potions of haste {unknown}
 S - a potion of flight
 X - 3 potions of invisibility
 Y - a potion of magic {unknown}
Miscellaneous
 g - a crystal ball of energy
Comestibles
 d - 10 bread rations
 G - 11 fruits


   Skills:
 * Level 8.2 Fighting
 + Level 10.7(12.8) Short Blades
 + Level 14.3(15.5) Dodging
 + Level 15.7(16.9) Stealth
 + Level 12.0 Spellcasting
 - Level 9.9(11.3) Hexes
 - Level 2.6(3.8) Translocations
 * Level 2.1(3.2) Transmutations
 * Level 1.5(2.5) Earth Magic
 - Level 7.9(9.4) Evocations


You had 3 spell levels left.
You knew the following spells:

 Your Spells              Type           Power        Failure   Level  Hunger
a - Ensorcelled Hibernat  Hex/Ice        #####.       1%          2    None
b - Passage of Golubria   Tloc           N/A          6%          4    ##.....
c - Confuse               Hex            ######..     1%          3    None
d - Dazzling Spray        Conj/Hex       #####.       1%          3    None
e - Invisibility          Hex            ######..     4%          6    ######.
f - Darkness              Hex            ######....   4%          6    ######.
g - Statue Form           Tmut/Erth      ####.....    95%         6    ######.
t - Tukima's Dance        Hex            ######..     1%          3    None


Dungeon Overview and Level Annotations

Branches:
Dungeon (10/15)            Temple (1/1) D:7            Lair (6/6) D:8
 Spider (4/4) Lair:4        Slime (0/5) Lair:5
  Swamp: Lair:2-4    Shoals: Lair:2-4       Orc: D:9-12

Altars:
Ashenzari
Cheibriados
Dithmenos
Elyvilon
Fedhas
Gozag
Hepliaklqana
Kikubaaqudgha
Makhleb
Nemelex Xobeh
Okawaru
Pakellas
Qazlal
Ru
Sif Muna
Trog
Uskayaw
Vehumet
Xom
Yredelemnul
Zin
The Shining One
Jiyva

Shops:
D:4 =

Annotations:
Lair:6 exclusion: 6 oklob plants


Innate Abilities, Weirdness & Mutations

You are tiny and cannot use many weapons and most armour.
You have supernaturally acute eyesight. (SInv)
You are a herbivore.
You cover ground extremely quickly.
You need consume almost no food.


Message History

The entropy weaver resists with some effort.
The redback closely misses you. The wolf spider closely misses you.
The wolf spider completely misses you.
The entropy weaver completely misses you.
The entropy weaver hits you! x2; The entropy weaver closely misses you.
A redback comes into view.
Casting: Confuse
Confirm with . or Enter, or press ? or * to list all spells.
Aiming: Confuse
Press: ? - help, Shift-Dir - straight line, f/p - entropy weaver
Aim: an entropy weaver (chance to defeat MR: 48%)
You feel a surge of power!
The entropy weaver appears confused.
The redback bites you! The wolf spider misses you. x2
The redback barely misses you. The entropy weaver barely misses you.
The entropy weaver closely misses you. The entropy weaver hits you!
* * * LOW HITPOINT WARNING * * *
The entropy weaver hits you!
* * * LOW HITPOINT WARNING * * *
The wolf spider hits you!
You die...

*#............# ,, ,,
#....s.......# ,, ####
##.......s...#a , ##...
#.............s , , ,
##....##..............
,
#.....................
..............<......s
,
*#/......^...s....(<.s
,, #........@s......ss
#..(.<....a........ , ,
#..............(....
#...............s.....
,
......................,
.............s.s......
*,..............s......
, ...s.......s.ss.....
* ...............s ,


You could see an entropy weaver (confused), a wolf spider, an orb spider
(wandering), a jumping spider (wandering) and 8 redbacks.

Vanquished Creatures
  5 dire elephants (Lair:6)
  Harold (Lair:1)
  An anaconda (Lair:6)
  Erolcha (D:9)
  7 hydras
  8 death yaks
  3 orb spiders
  8 wolf spiders
  A cyclops (D:8)
  2 hornets
  2 manticores
  4 elephants (Lair:6)
  A black mamba (Lair:4)
  Joseph (D:7)
  6 spiny frogs
  A torpor snail (Lair:6)
  3 demonic crawlers
  4 rime drakes (Lair:4)
  5 komodo dragons
  A two-headed ogre (D:8)
  4 blink frogs (Lair:6)
  5 jumping spiders
  Grinder (D:5)
  A polar bear (Lair:4)
  Prince Ribbit (D:6)
  A boulder beetle (Spider:1)
  13 redbacks
  5 tarantellas
  A dancing weapon (D:8)
  4 yaks (Lair:5)
  3 wyverns (Lair:4)
  5 basilisks
  Menkaure (D:6)
  8 hippogriffs
  5 water moccasins
  2 hell hounds (D:8)
  4 porcupines
  2 orc warriors
  2 sky beasts (D:9)
  A black bear (D:9)
  3 phantoms
  A necrophage (D:7)
  16 wolves
  4 ogres
  5 centaurs
  7 crocodiles
  The ghost of Ultraviolent4 the Chopper, an amateur VSMo (D:3)
  9 giant frogs
  2 scorpions
  A killer bee (D:9)
  A wight (D:5)
  2 electric eels
  A howler monkey (D:4)
  6 crimson imps
  4 hounds
  6 orc priests
  A centaur skeleton (D:9)
  A gnoll shaman (D:7)
  7 iguanas
  4 orc wizards
  5 worker ants
  25 sheep
  A hound zombie (D:9)
  30 river rats
  7 adders
  3 gnolls
  A shadow imp (D:5)
  An ooze (D:1)
  2 worms
  An adder skeleton (D:4)
  2 dart slugs
  5 giant geckos
  30 orcs
  9 bats
  5 giant cockroaches
  6 goblins
  6 hobgoblins
  3 quokkas
  5 giant newts
  6 kobolds
  2 quokka skeletons
  3 rats
  A rat zombie (D:2)
  2 fungi
  2 plants (Lair:6)
379 creatures vanquished.

Vanquished Creatures (collateral kills)
  A yak (Lair:5)
  4 gnolls
  2 river rats (Lair:5)
7 creatures vanquished.

Vanquished Creatures (others)
  A yak (Lair:5)
  11 fungi
  10 plants
22 creatures vanquished.

Grand Total: 408 creatures vanquished

Notes
Turn   | Place    | Note
-------+----------+-------------------------------------------
     0 | D:1      | Ryco the Spriggan Enchanter began the quest for the Orb.
     0 | D:1      | Reached XP level 1. HP: 9/9 MP: 5/5
   218 | D:1      | Reached XP level 2. HP: 6/13 MP: 4/6
   227 | D:1      | Learned a level 2 spell: Ensorcelled Hibernation
   268 | D:2      | Found a hazy altar of Hepliaklqana.
   348 | D:3      | Reached skill level 5 in Stealth
   351 | D:3      | Reached XP level 3. HP: 12/16 MP: 8/8
   386 | D:4      | Noticed a phantom
   397 | D:3      | Learned a level 3 spell: Confuse
   455 | D:3      | Killed a phantom
   455 | D:3      | Reached skill level 6 in Stealth
   455 | D:3      | Reached XP level 4. HP: 21/21 MP: 0/10
   460 | D:3      | Learned a level 3 spell: Tukima's Dance
   592 | D:4      | Found Sanaw's Jewellery Shop.
   611 | D:5      | Entered Level 5 of the Dungeon
   612 | D:5      | Noticed Grinder
   645 | D:5      | Reached XP level 5. HP: 23/24 MP: 11/11
   666 | D:5      | Paralysed by Grinder for 2 turns
   672 | D:5      | Killed Grinder
   672 | D:5      | Reached skill level 7 in Stealth
   672 | D:5      | Reached XP level 6. HP: 29/29 MP: 5/12
   677 | D:5      | Learned a level 3 spell: Dazzling Spray
   699 | D:4      | Found a shadowy altar of Dithmenos.
   708 | D:4      | Found a shimmering altar of Xom.
   717 | D:4      | Reached skill level 8 in Stealth
   723 | D:4      | Noticed an orc warrior
   770 | D:5      | Cast into level 1 of the Abyss (crimson imp)
   770 | Abyss:1  | Found a corrupted altar of Lugonu.
   863 | Abyss:3  | Noticed a smoke demon
   921 | Abyss:3  | Noticed a large abomination
   969 | D:5      | Escaped the Abyss
  1055 | D:3      | Reached skill level 5 in Hexes
  1055 | D:3      | Reached XP level 7. HP: 24/32 MP: 4/14
  1660 | D:2      | Found an ancient bone altar of Kikubaaqudgha.
  1724 | D:3      | Noticed Ultraviolent4's ghost (amateur VSMo)
  1742 | D:3      | Killed Ultraviolent4's ghost
  2027 | D:4      | Reached skill level 9 in Stealth
  2266 | D:4      | Reached skill level 5 in Dodging
  2271 | D:4      | Reached XP level 8. HP: 37/37 MP: 8/16
  2348 | D:6      | Reached skill level 5 in Spellcasting
  2359 | D:6      | Reached skill level 1 in Fighting
  2453 | D:7      | Reached skill level 10 in Stealth
  2657 | D:6      | Noticed Prince Ribbit
  2681 | D:6      | Killed Prince Ribbit
  2730 | D:4      | Reached skill level 5 in Short Blades
  3125 | D:5      | Found a burning altar of Makhleb.
  3443 | D:6      | Noticed Menkaure
  3453 | D:6      | Killed Menkaure
  3453 | D:6      | Reached skill level 11 in Stealth
  3675 | D:7      | Noticed Joseph
  3681 | D:7      | Killed Joseph
  3681 | D:7      | Reached XP level 9. HP: 41/41 MP: 18/20
  3695 | D:7      | Got an iridescent long sword
  3809 | D:7      | Found a staircase to the Ecumenical Temple.
  3818 | Temple   | Entered the Ecumenical Temple
  4191 | D:9      | Noticed Erolcha
  4210 | D:8      | Found a staircase to the Lair.
  4255 | D:8      | Found a deep blue altar of Sif Muna.
  4272 | D:8      | Reached skill level 12 in Stealth
  4341 | D:8      | Noticed a cyclops
  4344 | D:8      | Killed a cyclops
  4399 | D:8      | Reached skill level 13 in Stealth
  4597 | D:10     | Entered Level 10 of the Dungeon
  4788 | D:7      | Reached XP level 10. HP: 46/46 MP: 16/22
  5742 | D:2      | Found an opulent altar of Gozag.
  6304 | D:9      | Noticed a manticore
  6308 | D:9      | Killed a manticore
  6411 | D:9      | Killed Erolcha
  6411 | D:9      | Reached skill level 14 in Stealth
  6636 | D:9      | Found a shattered altar of Ashenzari.
  6649 | D:9      | Became a worshipper of Ashenzari the Shackled
  6863 | D:4      | Bought an uncursed ring of wizardry for 390 gold pieces
  6946 | Lair:1   | Entered Level 1 of the Lair of Beasts
  6957 | Lair:1   | Noticed an eight-headed hydra
  6973 | Lair:1   | Noticed Harold
  6976 | Lair:1   | Killed Harold
  7033 | Lair:1   | Reached skill level 15 in Stealth
  7285 | Lair:1   | Killed an eight-headed hydra
  7388 | Lair:2   | Reached XP level 11. HP: 53/53 MP: 20/25
  7454 | Lair:3   | Identified the ring "Faichun" {+Blink Int+2 Dex+2}
  7518 | Lair:4   | Reached skill level 1 in Evocations
  7774 | Lair:5   | Reached * piety under Ashenzari
  7858 | Lair:6   | Entered Level 6 of the Lair of Beasts
  7868 | Lair:6   | Noticed a death yak
  7875 | Lair:6   | Noticed a four-headed hydra
  7915 | Lair:6   | Killed a four-headed hydra
  7915 | Lair:6   | Reached skill level 5 in Fighting
  8064 | Lair:6   | Noticed a death yak
  8075 | Lair:6   | Noticed a death yak
  8077 | Lair:6   | Noticed a death yak
  8078 | Lair:6   | Noticed a death yak
  8078 | Lair:6   | Noticed a death yak
  8088 | Lair:6   | Noticed a four-headed hydra
  8154 | Lair:5   | Found a staircase to the Slime Pits.
  8154 | Lair:5   | Found a viscous altar of Jiyva.
  8407 | Lair:6   | Noticed a death yak
  8408 | Lair:6   | Noticed an oklob plant
  8408 | Lair:6   | Noticed a death yak
  8445 | Lair:5   | Killed a death yak
  8445 | Lair:5   | Reached skill level 5 in Evocations
  8644 | Lair:6   | Killed a death yak
  8644 | Lair:6   | Reached skill level 10 in Dodging
  8682 | Lair:6   | Killed a death yak
  8700 | Lair:6   | Killed a death yak
  8700 | Lair:6   | Reached XP level 12. HP: 35/60 MP: 5/26
  8702 | Lair:6   | Killed a death yak
  8702 | Lair:6   | Reached skill level 10 in Short Blades
  8729 | Lair:6   | Killed a death yak
  8740 | Lair:6   | Killed a death yak
  8927 | Lair:6   | Noticed a six-headed hydra
  8981 | Lair:6   | Killed a six-headed hydra
  9222 | Lair:6   | Killed a death yak
  9592 | Lair:6   | Noticed an anaconda
  9607 | Lair:6   | Killed an anaconda
  9613 | Lair:6   | Noticed a dire elephant
  9614 | Lair:6   | Noticed a dire elephant
  9620 | Lair:6   | Noticed a dire elephant
  9641 | Lair:6   | Noticed a dire elephant
  9658 | Lair:6   | Killed a dire elephant
  9804 | Lair:6   | Killed a dire elephant
  9859 | Lair:6   | Killed a dire elephant
  9880 | Lair:6   | Learned a level 6 spell: Invisibility
  9885 | Lair:6   | Learned a level 4 spell: Passage of Golubria
 10194 | Lair:6   | Noticed a dire elephant
 10214 | Lair:6   | Killed a dire elephant
 10292 | Lair:6   | Killed a four-headed hydra
 10466 | Lair:6   | Killed a dire elephant
 10466 | Lair:6   | Reached XP level 13. HP: 60/67 MP: 24/27
 10805 | Lair:4   | Reached ** piety under Ashenzari
 10846 | Lair:4   | Reached skill level 10 in Spellcasting
 10864 | Lair:4   | Found a hole to the Spider Nest.
 10925 | Lair:4   | Reached skill level 1 in Translocations
 11073 | Lair:4   | Learned a level 6 spell: Darkness
 11662 | Spider:1 | Entered Level 1 of the Spider Nest
 12062 | Spider:2 | Learned a level 6 spell: Statue Form
 12116 | Spider:2 | Identified a scroll of acquirement
 12175 | Spider:2 | Reached skill level 1 in Transmutations
 12220 | Spider:3 | Reached skill level 1 in Earth Magic
 12263 | Spider:4 | Entered Level 4 of the Spider Nest
 12281 | Spider:4 | Noticed an entropy weaver
 12284 | Spider:4 | Noticed an entropy weaver
 12309 | Spider:3 | Gained mutation: You expend magic power (3 MP) to strengthen your wands. [mutagenic glow]
 12685 | Spider:3 | Gained mutation: You tend to lose your temper in combat. [potion of mutation]
 12685 | Spider:3 | Gained mutation: You are somewhat resistant to further mutation. [potion of mutation]
 12686 | Spider:3 | Lost mutation: You expend magic power (3 MP) to strengthen your wands. [potion of cure mutation]
 12686 | Spider:3 | Lost mutation: You are somewhat resistant to further mutation. [potion of cure mutation]
 12686 | Spider:3 | Lost mutation: You tend to lose your temper in combat. [potion of cure mutation]
 12725 | Spider:4 | Slain by a wolf spider

Vault maps used:
D:1:      grunt_arrival_lava_bath
D:2:      old_standard_altar, lemuel_zombie_altar_kikubaaqudgha,
          nicolae_overflow_crystal_walls, first_bread
D:3:      kennysheep_generic_room_10
D:4:      grunt_dithmenos_smoke_and_mirrors, led_xom_imps, serial_shops, shop
D:5:      bloody_makhleb, kennysheep_small_square, uniq_grinder
D:6:      uniq_prince_ribbit1, uniq_menkaure
D:7:      minivault_1, uniq_joseph
D:8:      wad_cavern_with_rooms, overflow_temple_1_default,
          minmay_lair_entry_lava
D:9:      ashenzari_altar_1, uniq_erolcha
D:10:     hiddenorc1_lemuel, zaba_antful_of_joy
Temple:   minmay_temple_curvy_branch
Lair:1:   infiniplex_staircase_pool, grunt_megastairs_4, lemuel_fruit_fields,
          uniq_harold, uniq_gastronok
Lair:3:   elwin_shoals_entry_rocks
Lair:4:   spider_nest_entry_web_field, special_room,
          grunt_forest_small_clearings, grunt_megastairs_3
Lair:5:   slime_altar_1, wad_woods_road_01, ldierk_geyser, serial_bayou_pond_c,
          grunt_megastairs_2, lemuel_fruit_tree
Lair:6:   due_jungle_book, dpeg_oklob_1, serial_bayou_shore_a
Spider:2: nicolae_spider_webs_and_nodes, nicolae_spider_cling_ruins
Spider:4: spider_rune_water, uniq_jorgrun
Abyss:1:  evilmike_abyss_exit_12
Abyss:3:  grunt_abyss_rune_forest_and_sorcery, evilmike_abyss_exit_kraken,
          bh_abyss_xom_lugonu_altar
Abyss:4:  nicolae_abyss_rune_left_handed

Skill      XL: |  1  2  3  4  5  6  7  8  9 10 11 12 13 |
---------------+----------------------------------------+-----
Spellcasting   | 3 4 6 7 9 12 | 12.0
Short Blades   | 2 3 4 5 6 8 9 10 | 10.7
Stealth        | 5 6 7 8 9 11 13 15 | 15.7
Hexes          | 4 5 7 8 9 |  9.9
Dodging        | 4 5 6 8 10 13 14 | 14.3
Fighting       | 1 3 5 7 8 |  8.2
Evocations     | 6 7 |  7.9
Translocations | 2 |  2.6
Transmutations | 2 |  2.1
Earth Magic    | 1 |  1.5

Action                   |  1- 3 |  4- 6 |  7- 9 | 10-12 | 13-15 || total
-------------------------+-------+-------+-------+-------+-------++-------
Melee: Dagger            |    62 |    41 |   154 |   421 |   235 ||   913
       Short sword       |       |    18 |   206 |   194 |       ||   418
       Rapier            |       |       |       |       |    61 ||    61
 Fire: Blowgun           |       |       |       |     6 |       ||     6
 Cast: Corona            |     3 |       |       |       |       ||     3
       Ensorcelled Hiber |     3 |     5 |    25 |    31 |    29 ||    93
       Confuse           |     3 |     9 |    37 |    61 |    48 ||   158
       Tukima's Dance    |       |       |    10 |       |       ||    10
       Dazzling Spray    |       |       |     2 |    69 |    14 ||    85
       Invisibility      |       |       |       |     1 |     4 ||     5
       Darkness          |       |       |       |       |     2 ||     2
Invok: Curse Item        |       |       |       |     2 |     2 ||     4
 Abil: Evoke Blink       |       |       |       |     1 |       ||     1
Evoke: Wand              |       |       |       |    17 |     1 ||    18
  Use: Scroll            |       |       |    12 |    12 |     6 ||    30
       Potion            |       |       |     1 |     1 |     5 ||     7
 Stab: Sleeping          |    11 |     4 |    50 |    65 |    36 ||   166
       Confused          |     3 |     5 |    19 |    36 |    30 ||    93
       Distracted        |       |       |     3 |     1 |     1 ||     5
       Invisible         |       |       |     1 |    43 |    31 ||    75
       Held in net/web   |       |       |       |       |     1 ||     1
  Eat: Pizza             |       |       |     4 |     1 |       ||     5
       Fruit             |       |       |       |     3 |     4 ||     7
       Royal jelly       |       |       |       |     2 |       ||     2
Armor: Robe              |     4 |     3 |    18 |    23 |    10 ||    58
Dodge: Dodged            |    56 |    34 |   222 |   290 |   299 ||   901
